[Event "Gonzaga Classic Masters 2020"]
[Site "Dublin/"]
[Date "2020.01.25"]
[Round "3.16"]
[White "Fox, Anthony"]
[Black "Venkatesan, Kavin"]
[Result "1/2-1/2"]
[ECO "B23"]
[WhiteElo "2003"]
[BlackElo "1815"]
[Annotator "NA RC"]
[PlyCount "80"]
[EventDate "2020.01.24"]
[EventType "swiss"]
[EventCountry "IRL"]
[SourceTitle "playchess.com"]
[Source "ChessBase"]
[SourceQuality "1"]
[TimeControl "5400+30"]

1. e4 c5 2. Nc3 a6 3. a4 Nc6 4. g3 e6 5. Bg2 g6 6. Nge2 Bg7 7. d3 d6 8. O-O Nge7 9. Be3 Nd4 10. Qd2 O-O 11. Nd1 Rb8 12. Nc1 b6 13. c3 Ndc6 14. Bh6 Bb7 15. Bxg7 Kxg7 16. Ne3 f5 17. f4 d5 18. exd5 exd5 19. d4 cxd4 20. cxd4 a5 21. Re1 Rc8 22. Ra3 Qd6 23. Nc2 Ba6 24. Rae3 Ng8 25. Na2 Nf6 26. Nc3 Ne4 27. Qd1 Kh8 28. Bf1 Bxf1 29. Rxf1 Na7 30. Nxe4 fxe4 31. Rc3 Rxc3 32. bxc3 Qc6 33. Ne3 Qxc3 34. Nxd5 Qc6 35. Ne3 Rd8 36. Qa1 Qf6 37. d5 Qxa1 38. Rxa1 Kg7 39. Rc1 Rd7 40. Rb1 Nc8 1/2-1/2

[Event "Gonzaga Classic Masters 2020"]
[Site "Dublin/"]
[Date "2020.01.25"]
[Round "3.17"]
[White "Nolan, Dermot"]
[Black "Peoples, Jonathon"]
[Result "0-1"]
[ECO "C11"]
[WhiteElo "1836"]
[BlackElo "1909"]
[Annotator "NA RC"]
[PlyCount "72"]
[EventDate "2020.01.24"]
[EventType "swiss"]
[EventCountry "IRL"]
[SourceTitle "playchess.com"]
[Source "ChessBase"]
[SourceQuality "1"]
[TimeControl "5400+30"]

1. e4 e6 2. d4 d5 3. Nc3 Nf6 4. e5 Nfd7 5. f4 c5 6. Nf3 Nc6 7. Be3 a6 8. Qd2 b5 9. dxc5 Bxc5 10. Bxc5 Nxc5 11. Nd4 Qb6 12. Nxc6 Qxc6 13. Bd3 Bb7 14. Ne2 Ne4 15. Bxe4 dxe4 16. O-O-O O-O 17. Qe3 Qc4 18. Kb1 Rac8 19. Rd2 Bd5 20. b3 Qb4 21. Kb2 a5 22. a3 Qe7 23. Nc3 b4 24. axb4 axb4 25. Nxd5 exd5 26. Rxd5 Qc7 27. Rd2 Qc3+ 28. Qxc3 bxc3+ 29. Kc1 cxd2+ 30. Kxd2 Rfd8+ 31. Kc1 Rc3 32. Re1 Rdc8 33. Rxe4 Rxc2+ 34. Kd1 Rxg2 35. Rc4 Rxc4 36. bxc4 Kf8 0-1

[Event "Gonzaga Classic Masters 2020"]
[Site "Dublin/"]
[Date "2020.01.26"]
[Round "4.3"]
[White "Korneev, Oleg"]
[Black "Margolin, Boris"]
[Result "1-0"]
[ECO "B29"]
[WhiteElo "2513"]
[BlackElo "2396"]
[Annotator "ChessBase"]
[PlyCount "55"]
[EventDate "2020.01.24"]
[EventType "swiss"]
[EventCountry "IRL"]
[SourceTitle "playchess.com"]
[Source "ChessBase"]
[SourceQuality "1"]
[TimeControl "5400+30"]

1. e4 c5 2. Nf3 Nf6 3. e5 Nd5 4. Nc3 Nxc3 5. dxc3 Nc6 6. Bf4 e6 7. Qe2 Qc7 8. O-O-O h6 9. Bg3 Ne7 10. Nd2 b6 11. Ne4 Nf5 12. Bf4 Bb7 13. h4 h5 14. g3 O-O-O 15. Bh3 Qc6 16. Bxf5 exf5 17. Ng5 Qg6 18. Qc4 Bxh1 19. Rxh1 Qc6 20. Rd1 Be7 21. Nxf7 Rhf8 22. Nxd8 Kxd8 23. Qa6 Qc7 24. Qe2 g6 25. e6 d6 26. Qe5 Qc6 27. Qg7 d5 28. Qe5 1-0

[Event "Gonzaga Classic Masters 2020"]
[Site "Dublin/"]
[Date "2020.01.26"]
[Round "4.5"]
[White "Saric, Ante"]
[Black "O`Donnell, Conor"]
[Result "1/2-1/2"]
[ECO "A13"]
[WhiteElo "2559"]
[BlackElo "2307"]
[Annotator "ChessBase"]
[PlyCount "99"]
[EventDate "2020.01.24"]
[EventType "swiss"]
[EventCountry "IRL"]
[SourceTitle "playchess.com"]
[Source "ChessBase"]
[SourceQuality "1"]
[TimeControl "5400+30"]

1. c4 e6 2. g3 d5 3. Bg2 Nf6 4. Nf3 dxc4 5. Qa4+ Nbd7 6. Qxc4 c5 7. d3 Bd6 8. Nc3 a6 9. a4 b6 10. Ng5 Rb8 11. Nce4 Nxe4 12. Nxe4 Be7 13. d4 cxd4 14. Qxd4 O-O 15. O-O e5 16. Qd1 Nc5 17. Be3 Qxd1 18. Rfxd1 Be6 19. Nc3 Nb3 20. Rab1 Bf5 21. Be4 Bxe4 22. Nxe4 f5 23. Rd7 Bd8 24. Nd2 Nxd2 25. Bxd2 Rf7 26. Rd5 Bc7 27. Bc3 Re8 28. f3 Re6 29. Rbd1 Kf8 30. Kg2 Ke8 31. e4 g6 32. R1d3 h5 33. Bd2 Rc6 34. Bc3 Re7 35. b3 Ree6 36. Kf2 Rcd6 37. Ke2 Kd7 38. h3 Re8 39. Ke3 Rxd5 40. Rxd5+ Ke6 41. Rd1 Bd6 42. Rd5 Rc8 43. Kd3 Rb8 44. Bd2 Rb7 45. Be3 b5 46. axb5 Rxb5 47. Rxb5 axb5 48. g4 hxg4 49. exf5+ gxf5 50. hxg4 1/2-1/2

[Event "Gonzaga Classic Masters 2020"]
[Site "Dublin/"]
[Date "2020.01.26"]
[Round "4.7"]
[White "Delaney, Killian"]
[Black "Collins, Sam E."]
[Result "0-1"]
[ECO "D02"]
[WhiteElo "2278"]
[BlackElo "2446"]
[Annotator "ChessBase"]
[PlyCount "40"]
[EventDate "2020.01.24"]
[EventType "swiss"]
[EventCountry "IRL"]
[SourceTitle "playchess.com"]
[Source "ChessBase"]
[SourceQuality "1"]
[TimeControl "5400+30"]

1. Nf3 d5 2. d4 Nf6 3. Bf4 c5 4. e3 Nc6 5. Nbd2 e6 6. c3 h6 7. Ne5 Nxe5 8. Bxe5 Be7 9. Bd3 Qb6 10. O-O c4 11. Bc2 Qxb2 12. Ba4+ Kf8 13. e4 Qxc3 14. f4 Qe3+ 15. Kh1 c3 16. Bxf6 gxf6 17. Nf3 dxe4 18. Nh4 f5 19. Qh5 Qxd4 20. Bb3 Qf6 0-1

[Event "Gonzaga Classic Masters 2020"]
[Site "Dublin/"]
[Date "2020.01.26"]
[Round "4.8"]
[White "Daly, Colm"]
[Black "Lalic, Bogdan"]
[Result "1/2-1/2"]
[ECO "E61"]
[WhiteElo "2238"]
[BlackElo "2402"]
[Annotator "ChessBase"]
[PlyCount "40"]
[EventDate "2020.01.24"]
[EventType "swiss"]
[EventCountry "IRL"]
[SourceTitle "playchess.com"]
[Source "ChessBase"]
[SourceQuality "1"]
[TimeControl "5400+30"]

1. Nf3 c5 2. e3 g6 3. c4 Bg7 4. Nc3 Nf6 5. d4 O-O 6. d5 d6 7. h3 e6 8. e4 exd5 9. exd5 Re8+ 10. Be2 Bf5 11. O-O Ne4 12. Nxe4 Bxe4 13. Bd3 Na6 14. Bxe4 Rxe4 15. Qc2 Qe8 16. Bd2 Nb4 17. Bxb4 cxb4 18. Rae1 Rxe1 19. Rxe1 Qd7 20. Re2 Rc8 1/2-1/2

[Event "Gonzaga Classic Masters 2020"]
[Site "Dublin/"]
[Date "2020.01.26"]
[Round "4.9"]
[White "Melaugh, Shane"]
[Black "Kanyamarala, Tarun"]
[Result "0-1"]
[ECO "A21"]
[WhiteElo "2207"]
[BlackElo "2320"]
[Annotator "ChessBase"]
[PlyCount "68"]
[EventDate "2020.01.24"]
[EventType "swiss"]
[EventCountry "IRL"]
[SourceTitle "playchess.com"]
[Source "ChessBase"]
[SourceQuality "1"]
[TimeControl "5400+30"]

1. c4 e5 2. Nc3 Bb4 3. g3 Bxc3 4. dxc3 d6 5. Bg2 Ne7 6. Nf3 Nbc6 7. O-O O-O 8. e4 Be6 9. Qe2 f6 10. Rd1 Qe8 11. Be3 b6 12. b3 Qf7 13. Nh4 Qe8 14. f4 exf4 15. gxf4 f5 16. Bf2 fxe4 17. Qxe4 Bd7 18. Re1 Qf7 19. Bg3 Rae8 20. Qd3 Nd8 21. Be4 Qh5 22. Re2 Ne6 23. Bd5 Nxd5 24. Qxd5 Qxe2 25. Re1 Qg4 26. f5 c6 27. Qxd6 Nc5 28. Rxe8 Rxe8 29. b4 Re1+ 30. Kg2 Qe4+ 31. Nf3 Re2+ 32. Bf2 Qg4+ 33. Qg3 Rxf2+ 34. Kxf2 Ne4+ 0-1

[Event "Gonzaga Classic Masters 2020"]
[Site "Dublin/"]
[Date "2020.01.26"]
[Round "4.10"]
[White "Carroll, Peter"]
[Black "Kanyamarala, Trisha"]
[Result "0-1"]
[ECO "B30"]
[WhiteElo "2087"]
[BlackElo "2195"]
[Annotator "NA"]
[PlyCount "72"]
[EventDate "2020.01.24"]
[EventType "swiss"]
[EventCountry "IRL"]
[SourceTitle "playchess.com"]
[Source "ChessBase"]
[SourceQuality "1"]
[TimeControl "5400+30"]

1. e4 c5 2. Nc3 Nc6 3. Bb5 Nd4 4. Nf3 a6 5. Bd3 e6 6. O-O d6 7. Nxd4 cxd4 8. Ne2 Qb6 9. f4 $14 Nf6 10. Kh1 Be7 11. Qe1 O-O 12. Qf2 e5 13. c3 Bg4 14. Ng1 Bd7 15. cxd4 Ng4 16. Qg3 Qxd4 17. Be2 exf4 18. Rxf4 Ne5 19. Qc3 Qb6 20. d4 Rac8 21. Qb3 Qxb3 22. axb3 Nc6 23. d5 Nd4 24. Rf1 Nxb3 25. Rb1 Bf6 26. Rxf6 gxf6 27. Bf4 Rfe8 28. Bxd6 Rxe4 29. Rf1 Rc1 30. Rf3 Rxe2 31. Rg3+ Kh8 32. Bf8 h5 33. Bg7+ Kh7 34. Bxf6 Ree1 35. Rg7+ Kh6 36. Rg8 Rxg1# 0-1

[Event "Gonzaga Classic Masters 2020"]
[Site "Dublin/"]
[Date "2020.01.26"]
[Round "4.11"]
[White "Peoples, Jonathon"]
[Black "Haque, Muhtarim-Ul"]
[Result "1/2-1/2"]
[ECO "E97"]
[WhiteElo "1909"]
[BlackElo "2045"]
[Annotator "NA"]
[PlyCount "72"]
[EventDate "2020.01.24"]
[EventType "swiss"]
[EventCountry "IRL"]
[SourceTitle "playchess.com"]
[Source "ChessBase"]
[SourceQuality "1"]
[TimeControl "5400+30"]

1. d4 Nf6 2. c4 g6 3. Nc3 Bg7 4. e4 d6 5. Nf3 O-O 6. Be2 e5 7. O-O Nc6 8. d5 Ne7 9. b4 Nh5 10. Re1 a5 11. Ba3 Nf4 12. Bf1 f5 13. bxa5 fxe4 14. Nxe4 (14. Nd2 $11) 14... Bg4 15. Qb3 Kh8 (15... Nh3+ $11 {remains equal.} 16. gxh3 Rxf3) 16. Rab1 Rxa5 17. Bb4 $11 Ra8 18. c5 Nexd5 19. cxd6 Nxb4 20. dxc7 Qxc7 21. Qxb4 Rxa2 22. Qxb7 Qxb7 23. Rxb7 Nh3+ 24. gxh3 Bxf3 25. Bg2 Bxe4 26. Bxe4 Raxf2 27. Rc1 R2f7 28. Rxf7 Rxf7 29. Rc8+ Rf8 30. Rxf8+ Bxf8 31. Kg2 Kg7 32. Kg3 Kf6 33. h4 h6 34. h5 g5 35. Kg4 Ke6 36. h4 Be7 1/2-1/2

[Event "Gonzaga Classic Masters 2020"]
[Site "Dublin/"]
[Date "2020.01.26"]
[Round "4.12"]
[White "Murray, David"]
[Black "Brewer, Callum D"]
[Result "1-0"]
[ECO "B12"]
[WhiteElo "2140"]
[BlackElo "2134"]
[Annotator "NA"]
[PlyCount "63"]
[EventDate "2020.01.24"]
[EventType "swiss"]
[EventCountry "IRL"]
[SourceTitle "playchess.com"]
[Source "ChessBase"]
[SourceQuality "1"]
[TimeControl "5400+30"]

1. e4 c6 2. d4 d5 3. e5 Bf5 4. h4 h5 5. Bd3 Bxd3 6. Qxd3 Qa5+ 7. Nd2 e6 8. Ngf3 Ne7 9. O-O Nf5 10. b3 Nd7 11. c4 Be7 12. a4 O-O 13. Ba3 Bxa3 14. Rxa3 $11 Qb4 15. Ra2 Rfd8 16. Rc1 dxc4 17. Rxc4 Qe7 18. a5 c5 19. d5 exd5 20. Rf4 Nh6 21. Ng5 Nf8 22. Nf1 Qxe5 23. Qf3 Ng6 24. Rxf7 Nxh4 25. Qxh5 Nxf7 26. Qxf7+ Kh8 27. Qh5+ Kg8 28. Qh7+ Kf8 29. Qxh4 d4 30. Qh5 Qd5 31. Re2 d3 32. Re6 1-0

[Event "Gonzaga Classic Masters 2020"]
[Site "Dublin/"]
[Date "2020.01.26"]
[Round "4.13"]
[White "Burke, Kevin A."]
[Black "Jackson, Carl"]
[Result "1-0"]
[ECO "B22"]
[WhiteElo "1851"]
[BlackElo "2074"]
[Annotator "NA"]
[PlyCount "83"]
[EventDate "2020.01.24"]
[EventType "swiss"]
[EventCountry "IRL"]
[SourceTitle "playchess.com"]
[Source "ChessBase"]
[SourceQuality "1"]
[TimeControl "5400+30"]

1. e4 c5 2. c3 d5 3. exd5 Qxd5 4. d4 Nc6 5. Nf3 Bf5 6. dxc5 Qxd1+ 7. Kxd1 Nf6 8. Bc4 e6 9. b4 Be7 10. Nbd2 O-O 11. a4 Ng4 (11... Rfd8 $15 12. Ke1 Nd5) 12. Ke2 Bf6 13. Ra3 $11 Rfd8 14. Ne1 a6 15. f4 g5 16. h3 Nh6 17. g4 Nxg4 18. hxg4 Bxg4+ 19. Ke3 gxf4+ 20. Kxf4 h5 21. Ne4 Bg7 22. Nd3 Ne7 23. Ndf2 Ng6+ 24. Kg5 Ne5 25. Nxg4 hxg4 26. Bb3 Rd3 27. Bf4 Rh3 28. Rxh3 gxh3 29. Ra2 Nd3 30. Bh2 Nc1 31. Rb2 Nxb3 32. Rxb3 Rd8 33. Nd6 Bf8 34. c4 f5 35. Rg3 Bxd6 36. cxd6 Rxd6 37. Kf6+ Kf8 38. Rxh3 e5+ 39. Kxe5 Rd2 40. Ke6 f4 41. Bxf4 Rf2 42. Be5 1-0

[Event "Gonzaga Classic Masters 2020"]
[Site "Dublin/"]
[Date "2020.01.26"]
[Round "4.14"]
[White "Manojlovic, Mihailo"]
[Black "Venkatesan, Kavin"]
[Result "0-1"]
[ECO "B22"]
[WhiteElo "2011"]
[BlackElo "1815"]
[Annotator "NA"]
[PlyCount "58"]
[EventDate "2020.01.24"]
[EventType "swiss"]
[EventCountry "IRL"]
[SourceTitle "playchess.com"]
[Source "ChessBase"]
[SourceQuality "1"]
[TimeControl "5400+30"]

1. e4 c5 2. c3 d5 3. exd5 Nf6 4. d4 Nxd5 5. Nf3 e6 6. Bd3 cxd4 7. cxd4 Bb4+ 8. Nbd2 O-O 9. O-O Nc6 10. Nc4 a6 11. Qe2 Nce7 12. Bg5 f6 13. Qe4 $11 (13. a3 $5 ) 13... Ng6 14. Bd2 Bxd2 15. Ncxd2 f5 16. Qe1 b5 17. Nb3 Ndf4 18. Qe3 Bb7 19. Nc5 Bd5 20. g3 Nh3+ 21. Kg2 Ng5 22. Be2 f4 23. Qd3 e5 24. Qd1 e4 25. Nxg5 f3+ 26. Nxf3 exf3+ 27. Kg1 fxe2 28. Qxe2 Bc4 29. Nd3 Qxd4 0-1

[Event "Gonzaga Classic Masters 2020"]
[Site "Dublin/"]
[Date "2020.01.26"]
[Round "4.15"]
[White "Putar, Leon"]
[Black "Fox, Anthony"]
[Result "0-1"]
[ECO "C90"]
[WhiteElo "1845"]
[BlackElo "2003"]
[Annotator "NA"]
[PlyCount "134"]
[EventDate "2020.01.24"]
[EventType "swiss"]
[EventCountry "IRL"]
[SourceTitle "playchess.com"]
[Source "ChessBase"]
[SourceQuality "1"]
[TimeControl "5400+30"]

1. e4 e5 2. Nf3 Nc6 3. Bc4 Nf6 4. d3 Be7 5. c3 O-O 6. O-O d6 7. h3 Na5 8. Bb5 a6 9. Ba4 b5 10. Bc2 c5 11. Re1 Re8 12. Nbd2 g6 13. Nf1 Bf8 14. Bg5 h6 {[%emt 0:00:11] C90: Closed Ruy Lopez with 7...d6: Early deviations} 15. Bh4 (15. Bxf6 Qxf6 16. Ne3 Be6 17. Qd2 Nc6 18. Bb3 Bg7 19. Bd5 Rac8 20. a4 Ne7 21. Bb7 Rb8 22. Bxa6 bxa4 23. Rxa4 Bxh3 {0-1 (61) Guerra Tulcan,L (2421)-Granda Zuniga,J (2640) Quito 2012}) 15... Be7 $146 ({Predecessor:} 15... Bg7 16. Ne3 Be6 17. d4 Qc7 18. Qd2 Nh5 19. d5 Bd7 20. b3 Nb7 21. a4 Na5 22. b4 cxb4 23. cxb4 {1-0 (48) Ostrovskiy,A (2444)-Becker,D (2275) Neustadt an der Weinstrasse 2017}) 16. Bxf6 Bxf6 17. Ne3 Be6 18. Nd5 Bxd5 19. exd5 Bg7 20. Qd2 $11 Nb7 21. Kf1 Kh7 22. Re2 f5 23. Rae1 Qf6 24. Nh2 Qf7 25. c4 Rab8 26. f4 exf4 27. Qxf4 Be5 28. Qh4 g5 29. Qf2 Bxh2 30. d4 Rxe2 31. Rxe2 Kg7 32. Qe1 Kf8 33. dxc5 Nxc5 34. b4 Nd7 35. Re6 Re8 36. g3 Ne5 37. Rxh6 Kg7 38. Rxd6 bxc4 39. Qd2 Qh5 40. Kg2 Bxg3 41. Qe3 Bf4 42. Qf2 Nf7 43. Re6 Rxe6 44. dxe6 Ne5 45. a4 Kf6 46. b5 axb5 47. axb5 Qh4 48. Qa7 Qg3+ 49. Kf1 Qxh3+ 50. Ke2 Qf3+ 51. Ke1 Qe3+ 52. Qxe3 Bxe3 53. Bxf5 Bc5 54. Be4 Kxe6 55. Ke2 Nd7 56. Bc6 Nb6 57. Bg2 Ke5 58. Kf3 Kd4 59. Ke2 c3 60. Bh3 Kc4 61. Bg2 Kxb5 62. Kd3 Kb4 63. Kc2 Nc4 64. Bc6 Ne3+ 65. Kb1 Kb3 66. Be4 c2+ 67. Bxc2+ Nxc2 0-1

[Event "Gonzaga Classic Masters 2020"]
[Site "Dublin/"]
[Date "2020.01.26"]
[Round "4.18"]
[White "Boland, Dylan"]
[Black "Nolan, Conor"]
[Result "1-0"]
[ECO "D30"]
[WhiteElo "1836"]
[BlackElo "1922"]
[Annotator "NA"]
[PlyCount "93"]
[EventDate "2020.01.24"]
[EventType "swiss"]
[EventCountry "IRL"]
[SourceTitle "playchess.com"]
[Source "ChessBase"]
[SourceQuality "1"]
[TimeControl "5400+30"]

1. d4 Nf6 2. c4 e6 3. g3 d5 4. Bg2 h6 5. Nf3 c5 6. cxd5 exd5 7. O-O Nc6 8. Nc3 b6 9. Re1 Bf5 10. e4 dxe4 11. d5 Ne7 12. Nh4 Bg4 13. f3 g5 14. fxg4 gxh4 15. Nxe4 Nxe4 16. Bxe4 Qd7 17. Bf5 Qb5 18. a4 Qb4 19. Re4 c4 20. d6 hxg3 21. hxg3 h5 22. Qd5 Qc5+ 23. Qxc5 bxc5 24. dxe7 Bg7 25. Rxc4 Bd4+ 26. Kg2 Kxe7 27. Bg5+ f6 28. Re1+ Kf7 29. Bf4 h4 30. gxh4 Rxh4 31. Rh1 Rxh1 32. Kxh1 Bxb2 33. Rxc5 Rh8+ 34. Kg2 Re8 35. Kf3 Bd4 36. Rc7+ Kg8 37. Rd7 Bb6 38. Rb7 Re1 39. Rb8+ Kg7 40. Rb7+ Kg8 41. Rd7 Ra1 42. Be6+ Kh8 43. Ke4 Rxa4+ 44. Kf5 Rd4 45. Rb7 Rb4 46. Kg6 Bc5 47. Rh7# 1-0

[Event "Gonzaga Classic Masters 2020"]
[Site "Dublin/"]
[Date "2020.01.26"]
[Round "5.6"]
[White "Lalic, Bogdan"]
[Black "Saric, Ante"]
[Result "1/2-1/2"]
[ECO "E11"]
[WhiteElo "2402"]
[BlackElo "2559"]
[Annotator "ChessBase"]
[PlyCount "22"]
[EventDate "2020.01.24"]
[EventType "swiss"]
[EventCountry "IRL"]
[SourceTitle "playchess.com"]
[Source "ChessBase"]
[SourceQuality "1"]
[TimeControl "5400+30"]

1. d4 e6 2. c4 Nf6 3. Nf3 Bb4+ 4. Nbd2 O-O 5. a3 Be7 6. e4 d6 7. Be2 c5 8. d5 exd5 9. cxd5 a6 10. a4 Bg4 11. O-O Nbd7 1/2-1/2

[Event "Gonzaga Classic Masters 2020"]
[Site "Dublin/"]
[Date "2020.01.26"]
[Round "5.7"]
[White "O`Donnell, Conor"]
[Black "Greet, Andrew N"]
[Result "1-0"]
[ECO "D38"]
[WhiteElo "2307"]
[BlackElo "2425"]
[Annotator "NA"]
[PlyCount "57"]
[EventDate "2020.01.24"]
[EventType "swiss"]
[EventCountry "IRL"]
[SourceTitle "playchess.com"]
[Source "ChessBase"]
[SourceQuality "1"]
[TimeControl "5400+30"]

1. d4 d5 2. c4 e6 3. Nc3 Bb4 4. Qa4+ Nc6 5. Nf3 Nf6 6. e3 O-O 7. Bd2 dxc4 8. Bxc4 Bd6 9. Qc2 e5 10. dxe5 Nxe5 11. Nxe5 Bxe5 12. f4 Bxc3 13. Bxc3 Re8 14. O-O b6 15. Rad1 Qe7 16. Bxf6 gxf6 17. Rf3 Bb7 18. Bd5 Bxd5 19. Rxd5 Qe4 20. Qd1 c5 21. Rg3+ Kf8 22. h3 Rac8 23. Kh2 a5 24. Rd7 Qe6 25. Rd6 Qxa2 26. Rxb6 Re6 27. Qg4 Ke7 28. Rb7+ Kd6 29. Qd1+ 1-0

[Event "Gonzaga Classic Masters 2020"]
[Site "Dublin/"]
[Date "2020.01.26"]
[Round "5.8"]
[White "Margolin, Boris"]
[Black "Daly, Colm"]
[Result "1/2-1/2"]
[ECO "C02"]
[WhiteElo "2396"]
[BlackElo "2238"]
[Annotator "NA"]
[PlyCount "102"]
[EventDate "2020.01.24"]
[EventType "swiss"]
[EventCountry "IRL"]
[SourceTitle "playchess.com"]
[Source "ChessBase"]
[SourceQuality "1"]
[TimeControl "5400+30"]

1. e4 c5 2. Nf3 e6 3. c3 d5 4. e5 Ne7 5. d4 Nec6 6. a3 a5 7. Be3 Nd7 8. Nbd2 Be7 9. Bd3 cxd4 10. cxd4 Nb6 11. O-O Bd7 12. Qe2 a4 13. Rac1 Na5 14. Rc2 Rc8 15. Rxc8 Bxc8 16. Ne1 h5 17. g3 Bd7 18. h4 Bc6 19. Ndf3 Nbc4 20. Ng2 Qb6 21. Rb1 Bb5 22. Bg5 Bf8 23. Bd2 Nb3 24. Bxc4 Bxc4 25. Qe3 Be7 26. Bc3 g6 27. Rd1 Qb5 28. Nf4 Kd7 29. Kg2 b6 30. Nd2 Nxd2 31. Qxd2 Bf8 32. Nh3 Bh6 33. Ng5 Kc8 34. Qf4 Bxg5 35. hxg5 Qd7 36. Qf6 Re8 37. Rh1 Kb7 38. g4 Ka6 39. gxh5 gxh5 40. Rxh5 Bd3 41. Rh6 Rg8 42. Qf4 Be4+ 43. f3 Bf5 44. Qe3 Qb5 45. Kf2 Qc4 46. Rh1 Rc8 47. Qe2 Bd3 48. Qd2 Bg6 49. Qe2 Bd3 50. Qe3 Bg6 51. Qe2 Bd3 1/2-1/2

[Event "Gonzaga Classic Masters 2020"]
[Site "Dublin/"]
[Date "2020.01.26"]
[Round "5.9"]
[White "Fox, Anthony"]
[Black "Fitzsimons, David"]
[Result "0-1"]
[ECO "B25"]
[WhiteElo "2003"]
[BlackElo "2317"]
[Annotator "NA"]
[PlyCount "72"]
[EventDate "2020.01.24"]
[EventType "swiss"]
[EventCountry "IRL"]
[SourceTitle "playchess.com"]
[Source "ChessBase"]
[SourceQuality "1"]
[TimeControl "5400+30"]

1. e4 c5 2. Nc3 Nc6 3. g3 g6 4. Bg2 Bg7 5. d3 d6 6. f4 e6 7. Nf3 Nge7 8. O-O O-O 9. Be3 Nd4 10. Qd2 Rb8 11. Nd1 b5 12. c3 Nxf3+ 13. Bxf3 b4 14. d4 Ba6 15. Re1 bxc3 16. bxc3 cxd4 17. cxd4 d5 18. e5 Nc6 19. Be2 Qb6 20. Bxa6 Qxa6 21. Nf2 Qa4 22. Rab1 Na5 23. Qd1 Qxd1 24. Rexd1 Nc4 25. Rxb8 Rxb8 26. Rd3 Rb1+ 27. Kg2 h5 28. Kf3 Ra1 29. h3 Rxa2 30. g4 hxg4+ 31. hxg4 a5 32. Nd1 Bf8 33. Nc3 Rc2 34. Na4 Bb4 35. f5 gxf5 36. gxf5 Ra2 0-1

[Event "Gonzaga Classic Masters 2020"]
[Site "Dublin/"]
[Date "2020.01.26"]
[Round "5.10"]
[White "Peoples, Jonathon"]
[Black "Delaney, Killian"]
[Result "1/2-1/2"]
[ECO "D32"]
[WhiteElo "1909"]
[BlackElo "2278"]
[Annotator "NA"]
[PlyCount "108"]
[EventDate "2020.01.24"]
[EventType "swiss"]
[EventCountry "IRL"]
[SourceTitle "playchess.com"]
[Source "ChessBase"]
[SourceQuality "1"]
[TimeControl "5400+30"]

1. d4 d5 2. c4 e6 3. Nc3 c5 4. cxd5 cxd4 5. Qxd4 Nc6 6. Qd1 exd5 7. Qxd5 Qc7 8. Bg5 h6 9. Bh4 Bb4 10. e3 Be6 11. Qd2 Nge7 12. Bb5 Nf5 13. Bg3 Nxg3 14. hxg3 Rd8 15. Qc2 a6 16. Be2 O-O 17. Nf3 Na5 18. O-O Rc8 19. Rfc1 Bxc3 20. bxc3 Rfd8 21. Nd4 Qe5 22. Nxe6 Qxe6 23. Rd1 Rxd1+ 24. Rxd1 b5 25. Rd4 Nc6 26. Bg4 Nxd4 27. Bxe6 Nxc2 28. Bxc8 a5 29. Bf5 Na3 30. Bd3 Kf8 31. Kf1 Ke7 32. Ke2 Kd6 33. Kd2 Kc5 34. Kc1 b4 35. Kb2 a4 36. f3 Nc4+ 37. Bxc4 Kxc4 38. cxb4 Kxb4 39. a3+ Kc4 40. Kc2 f5 41. e4 fxe4 42. fxe4 Kd4 43. e5 Kxe5 44. Kc3 Kf5 45. Kb4 Kg4 46. Kxa4 Kxg3 47. Kb3 Kxg2 48. a4 h5 49. a5 h4 50. a6 h3 51. a7 h2 52. a8=Q+ Kg1 53. Qa1+ Kg2 54. Qxg7+ Kh1 1/2-1/2

[Event "Gonzaga Classic Masters 2020"]
[Site "Dublin/"]
[Date "2020.01.26"]
[Round "5.11"]
[White "Suleiman AlMousa"]
[Black "Melaugh, Shane"]
[Result "1-0"]
[ECO "A96"]
[WhiteElo "1997"]
[BlackElo "2207"]
[Annotator "NA"]
[PlyCount "65"]
[EventDate "2020.01.24"]
[EventType "swiss"]
[EventCountry "IRL"]
[SourceTitle "playchess.com"]
[Source "ChessBase"]
[SourceQuality "1"]
[TimeControl "5400+30"]

1. d4 e6 2. c4 f5 3. Nf3 Nf6 4. g3 Be7 5. Bg2 O-O 6. O-O d6 7. Nc3 Ne4 8. Qc2 Nxc3 9. Qxc3 Bf6 10. Rd1 Qe8 11. Bg5 Nd7 12. c5 Nxc5 13. Bxf6 Ne4 14. Qxc7 Rxf6 15. Nd2 Rf7 16. Qc2 d5 17. Nf3 Bd7 18. Rdc1 Rc8 19. Qd1 Bc6 20. Ne5 Rfc7 21. Bxe4 dxe4 22. Rc3 Bd5 23. Rac1 Rxc3 24. Rxc3 Bxa2 25. Qc2 Rxc3 26. Qxc3 Bd5 27. e3 Qd8 28. h3 h6 29. Kh2 Kh7 30. Qa3 a5 31. Qc5 b6 32. Qb5 Kh8 33. Nf7+ 1-0

[Event "Gonzaga Classic Masters 2020"]
[Site "Dublin/"]
[Date "2020.01.26"]
[Round "5.12"]
[White "Venkatesan, Kavin"]
[Black "Murray, David"]
[Result "1-0"]
[ECO "D85"]
[WhiteElo "1815"]
[BlackElo "2140"]
[Annotator "NA"]
[PlyCount "99"]
[EventDate "2020.01.24"]
[EventType "swiss"]
[EventCountry "IRL"]
[SourceTitle "playchess.com"]
[Source "ChessBase"]
[SourceQuality "1"]
[TimeControl "5400+30"]

1. d4 Nf6 2. c4 g6 3. Nc3 d5 4. cxd5 Nxd5 5. Bd2 Nb6 6. e3 Bg7 7. Nf3 O-O 8. Bd3 e5 9. Ne2 exd4 10. exd4 Bg4 11. Be4 Nc6 12. Bc3 Nd5 13. O-O Re8 14. Ng3 Qd7 15. h3 Be6 16. Re1 Rad8 17. Qd2 Nf6 18. Rad1 Bxa2 19. d5 Nxe4 20. Nxe4 Qf5 21. Bxg7 Rxe4 22. Rxe4 Qxe4 23. Qh6 g5 24. Bf6 Qg6 25. Qxg6+ hxg6 26. Bxd8 Nxd8 27. Nxg5 f6 28. Re1 Kf8 29. Ne4 Kf7 30. d6 c6 31. Nc5 b6 32. Re7+ Kg8 33. Re8+ Kf7 34. Rxd8 bxc5 35. Rc8 Ke6 36. Rxc6 Kd7 37. Rxc5 a6 38. Ra5 Bc4 39. Ra4 Bb5 40. Rd4 Ke6 41. g4 g5 42. Kg2 Bd7 43. Kf3 Ke5 44. Ke3 Ke6 45. f4 Bc6 46. fxg5 fxg5 47. Kf2 Bd7 48. Kg3 Ke5 49. Rd2 Ke6 50. h4 1-0

[Event "Gonzaga Classic Masters 2020"]
[Site "Dublin/"]
[Date "2020.01.26"]
[Round "5.13"]
[White "Haque, Muhtarim-Ul"]
[Black "Burke, Kevin A."]
[Result "1/2-1/2"]
[ECO "A85"]
[WhiteElo "2045"]
[BlackElo "1851"]
[Annotator "NA"]
[PlyCount "39"]
[EventDate "2020.01.24"]
[EventType "swiss"]
[EventCountry "IRL"]
[SourceTitle "playchess.com"]
[Source "ChessBase"]
[SourceQuality "1"]
[TimeControl "5400+30"]

1. d4 e6 2. c4 f5 3. Nc3 Nf6 4. e3 Bb4 5. Nge2 b6 6. a3 Bxc3+ 7. Nxc3 Bb7 8. d5 O-O 9. Be2 a5 10. b3 Na6 11. Bb2 e5 12. O-O Qe8 13. Qc2 d6 14. f4 exf4 15. exf4 Qe3+ 16. Kh1 Ne4 17. Nxe4 fxe4 18. Bc1 Qd4 19. Bb2 Qe3 20. Bc1 1/2-1/2